 Dungeon Crawl Stone Soup version 0.29.1-15-g9cfb28693d (webtiles) character file.

Game seed: 16883267212454653872

25 Dirian the Covered (level 2, -1/27 HPs)
             Began as a Minotaur Fighter on Mar 3, 2023.
             Slain by a goblin
             ... wielding a +0 dagger
             ... led by Robin
              (3 damage)
             ... on level 2 of the Dungeon.
             The game lasted 00:01:51 (1255 turns).

Dirian the Covered (Minotaur Fighter)               Turns: 1255, Time: 00:01:52

Health: -1/27      AC:  7    Str: 20    XL:     2   Next: 82%
Magic:  1/1        EV:  9    Int:  5    God:
Gold:   68         SH:  4    Dex:  9    Spells: 1/1 levels left

rFire   . . .      SeeInvis .   a - +0 war axe
rCold   . . .      Faith    .   c - +0 buckler
rNeg    . . .      Spirit   .   b - +0 scale mail
rPois   .          Reflect  .   (helmet restricted)
rElec   .          Harm     .   (no cloak)
rCorr   .          Rampage  .   (no gloves)
Will    .....                   (no boots)
Stlth   ..........              (no amulet)
HPRegen 0.09/turn               (no ring)
MPRegen 0.07/turn               (no ring)

@: mighty, attractive, hasted, very quick
A: horns 2, retaliatory headbutt
a: no special abilities


You were on level 2 of the Dungeon.
You visited 1 branch of the dungeon, and saw 2 of its levels.

You collected 68 gold pieces.

Inventory:

Hand Weapons
 a - a +0 war axe (weapon)
Armour
 b - a +0 scale mail (worn)
 c - a +0 buckler (worn)
Scrolls
 e - a scroll of silence {unknown}
 g - a scroll of poison {unknown}
 h - a scroll of immolation {unknown}
 j - a scroll of brand weapon {unknown}
Potions
 d - a potion of might


   Skills:
 + Level 4.0 Fighting
 + Level 2.8 Axes
 + Level 4.1 Armour
 + Level 4.0 Shields


You had one spell level left.
You didn't know any spells.
Your spell library was empty.

Dungeon Overview and Level Annotations

Branches:
Dungeon (2/15)

Altars:

Shops:
D:1 (

Annotations:
D:1 1 transporter
D:2 Jessica, Robin


Innate Abilities, Weirdness & Mutations

You have a pair of horns on your head.
You reflexively headbutt those who attack you in melee.


Message History

Jessica casts a spell.
Jessica blinks!
The goblin hits you but does no damage. You block the goblin's attack.
The goblin hits you but does no damage. x2
You closely miss the goblin. Your headbutt misses the goblin.
You barely miss the goblin.
Jessica mumbles something strange.
The goblin hits you but does no damage. The goblin hits you with a +0 dagger.
You hit the goblin.
The goblin is heavily wounded.
You hit the goblin. The goblin hits you but does no damage.
The goblin barely misses you.
Jessica drinks a potion.
Jessica's spells are empowered!
You barely miss the goblin.
The goblin is severely wounded.
You closely miss the goblin. You block the goblin's attack.
Jessica gestures wildly while chanting.
Jessica blinks!
The goblin hits you with a +0 dagger. The goblin hits you but does no damage.
The goblin hits you with a +0 dagger.
You completely miss the goblin.
The goblin is severely wounded.
You hit the goblin.
You kill the goblin!
The goblin hits you but does no damage. Robin throws the goblin at you!
You feel very mighty all of a sudden. The goblin hits you but does no damage.
You block the goblin's attack.
You closely miss the goblin.
The goblin is severely wounded.
You hit the goblin.
You kill the goblin!
Robin throws the goblin at you! The goblin hits you with a +0 dagger.
* * * LOW HITPOINT WARNING * * *
The goblin hits you but does no damage. The goblin barely misses you.
The goblin hits you but does no damage.
It was a potion of attraction.
You feel attractive to monsters. You block the goblin's attack.
The goblin hits you with a +0 dagger.
* * * LOW HITPOINT WARNING * * *
It was a potion of haste.
You feel yourself speed up. You block the goblin's attack.
The goblin hits you with a +0 dagger.
You die...

#.[............####
#.#######.#..###..#
#.......#.....##.^#
#########......#..#
#.........###..#..#####
########### #.........#
#.........# #..####.#.#
#..######.# #..####g..#####
..#.....'.# #..g@gggg(....#
#.#.....#####.#####gg.......
....#.........# #.###.#.#.
#####.######### #.# .....
#.# #.# #.#S #.# #.@


g.g #.# ### ..g #.# #.. You could see Robin, 3 hobgoblins and 4 goblins.

Vanquished Creatures
  4 endoplasms
  7 goblins
  A hobgoblin (D:1)
  2 quokkas (D:1)
  A ball python (D:1)
  2 bats (D:1)
  4 kobolds (D:1)
21 creatures vanquished.

Notes
Turn   | Place    | Note
-------+----------+-------------------------------------------
     0 | D:1      | Dirian the Minotaur Fighter began the quest for the Orb.
     0 | D:1      | Reached XP level 1. HP: 19/19 MP: 0/0
   734 | D:1      | Reached XP level 2. HP: 27/27 MP: 1/1
   809 | D:1      | Found Vaulo's Weapon Shop.
  1233 | D:2      | Noticed Robin
  1235 | D:2      | Noticed Jessica
  1255 | D:2      | Slain by a goblin

Illustrated notes

Levels and vault maps discovered:
D:1:      spicycebolla_arrival_risky_transporter, layout_loops_corners,
          serial_shops, nicolae_shop_trees
D:2:      minmay_inner_zag, layout_basic, serial_co_window_serial,
          co_window_corner_a, co_window_of_opportunity_a, co_window_paths_a,
          co_window_paths_a, co_window_paths_a, co_window_cross_1,
          co_window_corner_a, co_window_broadway_b, co_window_broadway_c,
          co_window_paths_c, co_window_corner_ca, co_window_2corner,
          co_window_4corner_b, co_window_paths_e, glass_columns_c,
          glass_columns_a, uniq_terence, uniq_robin, uniq_jessica

Skill      XL: |  1  2 |
---------------+-------+-----
Armour         | 4 |  4.1
Shields        | 4 |  4.0
Fighting       | 4 |  4.0
Axes           | |  2.8

Action                   || total
-------------------------++-------
Melee: War axe           ||    47
       Headbutt          ||     2
  Use: Potion            ||     3
Armor: Scale mail        ||    24
Dodge: Dodged            ||    21
Block: Buckler           ||    15
